 Dungeon Crawl Stone Soup version 0.25-a0-110-ge29c8f2358 (webtiles) character file.

Game seed: 14400887421550435829, levelgen mode: deterministic

3950 Leeroy the Carver (level 10, -3/83 HPs)
             Began as a Grey Draconian Skald on Nov 19, 2019.
             Was a Follower of Wu Jian.
             Killed by divine providence
             ... invoked by an orc priest
              (8 damage)
             ... on level 11 of the Dungeon.
             The game lasted 00:24:18 (8399 turns).

Leeroy the Carver (Grey Draconian Skald)            Turns: 8399, Time: 00:24:18

Health: -3/83      AC: 13    Str: 13    XL:     10   Next: 2%
Magic:  7/14       EV: 16    Int: 14    God:    Wu Jian [*.....]
Gold:   364        SH:  0    Dex: 14    Spells: 5/15 levels left

rFire    . . .     SeeInvis .   t - +0 rapier
rCold    . . .     Gourm    .   (no shield)
rNeg     . . .     Faith    .   (armour unavailable)
rPois    .         Spirit   .   (helmet restricted)
rElec    .         Reflect  .   (no cloak)
rCorr    .         Harm     .   (no gloves)
MR       .....                  y - +0 pair of boots
Stlth    +.........             (no amulet)
HPRegen  0.23/turn              (no ring)
MPRegen  0.14/turn              (no ring)

@: very slightly contaminated
A: walk through water, unfitting armour, unbreathing, cold-blooded, AC +12
a: Renounce Religion


You were on level 11 of the Dungeon.
You worshipped Wu Jian.
Wu Jian was aware of your devotion.
You were hungry.

You visited 1 branch of the dungeon, and saw 11 of its levels.

You collected 364 gold pieces.

Inventory:

Hand Weapons
 a - a +0 falchion
 b - a +0 short sword
 d - a +0 dagger
 t - a +0 rapier (weapon)
 v - a +2 flail of crushing
 G - a +1 morningstar
 J - a cursed +2 dagger
Missiles
 f - 3 atropa-tipped darts (quivered)
 n - 27 poisoned darts
 B - 7 silver boomerangs
Armour
 y - a +0 pair of boots (worn)
Jewellery
 h - an uncursed ring of protection from magic
Wands
 s - a wand of paralysis (4)
 C - a wand of enslavement (11)
Scrolls
 l - 4 scrolls of identify
 q - a scroll of enchant armour {unknown}
 r - 5 scrolls of remove curse
 u - a scroll of fear {unknown}
 x - a scroll of magic mapping {unknown}
 z - a scroll of blinking
 E - a scroll of fog {unknown}
 F - a scroll of amnesia {unknown}
Potions
 g - a potion of haste {unknown}
 i - 2 potions of magic {unknown}
 j - a potion of brilliance
 k - 3 potions of heal wounds
 m - 4 potions of flight
 o - a potion of mutation {unknown}
 p - 3 potions of curing {unknown}
 w - a potion of cancellation {unknown}
 A - a potion of lignification {unknown}
 D - a potion of might {unknown}
Miscellaneous
 H - a sack of spiders
Comestibles
 c - 9 rations


   Skills:
 - Level 6.0 Fighting
 - Level 8.1 Long Blades
 + Level 7.4 Dodging
 - Level 3.0 Spellcasting
 - Level 4.3 Hexes
 - Level 2.6 Charms
 - Level 5.1 Ice Magic


You had 5 spell levels left.
You knew the following spells:

 Your Spells              Type           Power        Failure   Level  Hunger
a - Infusion              Chrm           #...         7%          1    #......
b - Spectral Weapon       Hex/Chrm       ##......     16%         3    ###....
c - Regeneration          Chrm/Necr      #.........   36%         3    ###....
d - Ozocubu's Armour      Chrm/Ice       ##......     13%         3    ###....

Your spell library contained the following spells:

 Spells                   Type           Power        Failure   Level  Hunger
 Freeze                   Ice            ###.         2%          1    #......
 Song of Slaying          Chrm           #.......     11%         2    ##.....
 Throw Frost              Conj/Ice       #.....       12%         2    ##.....
 Shroud of Golubria       Chrm/Tloc      #.....       19%         2    ##.....
 Summon Ice Beast         Ice/Summ       #.......     58%         4    #####..
 Throw Icicle             Conj/Ice       #.......     58%         4    #####..


Dungeon Overview and Level Annotations

Branches:
Dungeon (12/15)
 Temple: D:4-7         Lair: D:8-11         Orc: D:9-12

Altars:
Elyvilon
Gozag
Nemelex Xobeh
Ru
Sif Muna
Uskayaw
Wu Jian
Zin

Shops:
D:9 *(

Annotations:
D:3 1 runed translucent door, Crazy Yiuf
D:5 Dowan, Duvessa


Innate Abilities, Weirdness & Mutations

You can walk through water.
Your dull iron-grey scales are very hard. (AC +12)
You cannot fit into any form of body armour.
You can survive without breathing.
You are cold-blooded and may be slowed by cold attacks.


Message History

The orc priest invokes the aid of Beogh against you.
Beogh smites you!
* * * LOW HITPOINT WARNING * * *
You hear a shout!
Blink to where?
Press: ? - help, Dir - move target cursor
As you read the scroll labeled YRUOD POURO, it crumbles to dust.
It was a scroll of blinking.
The orc wizard shouts!
You hear a shout!
An orc comes into view. It is wielding a -3 morningstar.
An orc comes into view. It is wielding a +0 hand axe.
Your icy armour cracks and falls away as you move.
You spin and attack the orc zombie.
You hit the orc zombie.
The orc zombie is severely damaged.
The orc priest miscasts a cantrip.
The orc zombie barely misses you.
The orc priest looks satisfied for a moment.
The orc priest mumbles some strange prayers to Beogh against you.
Beogh smites you!
You die...

#.o #.o. ### #..# #.#
#..# #.###### #o.#
#......# #..# #......#
#.o##########.
##......###.............
............ZZW.@.......
..........o..###########
............o#
############.# #.# #ยง#
#.# #.# ###


You could see a phantom, an orc priest, an orc wizard, an orc zombie and an ogre
zombie.

Vanquished Creatures
  Grinder (D:3)
  A dream sheep (D:9)
  3 hippogriffs
  2 yaks (D:9)
  A hungry ghost (D:12)
  A steam dragon (D:8)
  An ice beast (D:11)
  A necrophage (D:9)
  An ogre (D:4)
  3 phantoms
  3 sky beasts
  2 centaurs
  A big kobold (D:8)
  4 bullfrogs
  A wyvern skeleton (D:11)
  A water moccasin skeleton (D:5)
  A scorpion (D:8)
  A troll zombie (D:11)
  3 wights (D:12)
  A crimson imp (D:6)
  A centaur zombie (D:6)
  A quasit (D:6)
  3 hounds
  A jelly (D:11)
  An orc priest (D:11)
  2 iguanas
  Ijyb (D:3)
  2 worker ants
  A hound zombie (D:9)
  A hound skeleton (D:5)
  A howler monkey zombie (D:9)
  3 gnolls (D:6)
  8 adders
  2 oozes
  2 adder skeletons
  2 worms
  A dart slug (D:1)
  8 leopard geckos
  8 orcs
  10 bats
  2 giant cockroaches
  10 goblins
  9 hobgoblins
  6 kobolds
  2 quokkas
  2 ball pythons
  2 frilled lizards (D:2)
  A goblin zombie (D:11)
  2 hobgoblin skeletons (D:11)
  An orc skeleton (D:11)
  3 orc zombies (D:11)
  6 rats
138 creatures vanquished.

Vanquished Creatures (collateral kills)
  A gargoyle (D:12)
1 creature vanquished.

Vanquished Creatures (others)
  4 spectral weapons
4 creatures vanquished.

Grand Total: 143 creatures vanquished

Notes
Turn   | Place    | Note
-------+----------+-------------------------------------------
     0 | D:1      | Leeroy the Draconian Skald began the quest for the Orb.
     0 | D:1      | Reached XP level 1. HP: 17/17 MP: 3/3
    75 | D:1      | Reached XP level 2. HP: 15/24 MP: 5/5
   115 | D:1      | Reached skill level 3 in Long Blades
   509 | D:1      | Reached XP level 3. HP: 26/29 MP: 6/6
   678 | D:2      | Found a hide-covered altar of Uskayaw.
   679 | D:2      | Found a shimmering blue altar of Sif Muna.
   680 | D:2      | Found a white marble altar of Elyvilon.
   851 | D:2      | Reached skill level 4 in Long Blades
  1092 | D:2      | Reached XP level 4. HP: 21/36 MP: 7/7
  1209 | D:3      | Found a runed translucent door.
  1210 | D:3      | Noticed Crazy Yiuf
  1224 | D:3      | Noticed Grinder
  1237 | D:2      | Learned a level 3 spell: Spectral Weapon
  1241 | D:2      | Learned a level 3 spell: Regeneration
  1347 | D:3      | Killed Grinder
  1347 | D:3      | Reached skill level 6 in Long Blades
  1347 | D:3      | Reached XP level 5. HP: 39/41 MP: 2/8
  1347 | D:3      | Reached XP level 6. HP: 45/48 MP: 2/9
  1593 | D:3      | Noticed Ijyb
  1615 | D:3      | Paralysed by Ijyb for 6 turns
  1634 | D:3      | Killed Ijyb
  2863 | D:4      | Found a sparkling altar of Nemelex Xobeh.
  2865 | D:4      | Found a sacrificial altar of Ru.
  2875 | D:4      | Reached skill level 7 in Long Blades
  2936 | D:5      | Entered Level 5 of the Dungeon
  3001 | D:5      | Your scales start taking on a dull iron-grey colour.
  3001 | D:5      | Reached XP level 7. HP: 10/55 MP: 2/10
  3001 | D:5      | Gained mutation: You can survive without breathing. [Grey
                  | Draconian growth]
  3211 | D:5      | Noticed Duvessa
  3211 | D:5      | Noticed Dowan
  3267 | D:6      | Reached skill level 8 in Long Blades
  3298 | D:6      | Reached skill level 1 in Hexes
  4194 | D:8      | Reached XP level 8. HP: 55/61 MP: 11/11
  4335 | D:8      | Learned a level 3 spell: Ozocubu's Armour
  4467 | D:8      | Found a glowing silver altar of Zin.
  4470 | D:8      | Found an ornate altar of the Wu Jian Council.
  4473 | D:8      | Found an opulent altar of Gozag.
  4479 | D:8      | Became a worshipper of the Wu Jian Council
  4580 | D:8      | Noticed a dream sheep
  4581 | D:8      | Noticed a dream sheep
  4919 | D:9      | Reached skill level 5 in Fighting
  5043 | D:9      | Found Qiledez's General Store.
  5051 | D:9      | Noticed a hippogriff
  5077 | D:9      | Killed a hippogriff
  5077 | D:9      | Reached skill level 5 in Ice Magic
  5126 | D:9      | Reached XP level 9. HP: 33/74 MP: 8/12
  5163 | D:9      | Reached * piety under Wu Jian
  5172 | D:9      | Found Xalumyz's Weapon Shoppe.
  5186 | D:9      | You fall into a shaft and drop 3 floors!
  5474 | D:12     | Reached skill level 5 in Dodging
  5515 | D:12     | Noticed a gargoyle
  6030 | D:12     | Killed a gargoyle
  7205 | D:12     | Noticed a green ugly thing
  7316 | D:12     | Noticed a two-headed ogre
  7463 | D:12     | HP: 3/75 [poisoned by a green ugly thing]
  7909 | D:11     | Noticed a troll
  7926 | D:11     | Noticed a green ugly thing
  7927 | D:11     | Noticed a two-headed ogre
  8302 | D:11     | Reached XP level 10. HP: 74/83 MP: 14/14
  8395 | D:11     | HP: 4/83 [orc priest/divine providence (12)]
  8399 | D:11     | Killed from afar by an orc priest

Levels and vault maps discovered:
D:1:      lightli_arrival_flooded_house, layout_loops_ring
D:2:      layout_loops_cross, chequers_temple_overflow_statue_of_worship,
          first_ration
D:3:      layout_loops_ring, serial_glass, glass_columns_c, glass_columns_a,
          minmay_strange_pillars, uniq_ijyb, uniq_grinder,
          uniq_crazy_yiuf_cottage
D:4:      layout_basic, gammafunk_temple_overflow_pools, serial_glass,
          glass_columns_c, glass_columns_c
D:5:      layout_basic, uniq_duvessa
D:6:      layout_loops_ring
D:7:      layout_basic, minmay_temple_entry_purple_smoke
D:8:      layout_basic, grunt_temple_overflow_diamond, hangedman_ranch
          [blue_anna_fruit_fields]
D:9:      layout_roguey, serial_shops, shop_fountains, shop_statue, shop,
          nicolae_shop_behind_doors, kennysheep_mini, corner_web_ring
D:11:     layout_irregular_city, zombieorc2_lemuel
D:12:     layout_gridville

Skill      XL: |  1  2  3  4  5  6  7  8  9 |
---------------+----------------------------+-----
Long Blades    | 3 4 6 7 8 |  8.1
Hexes          | 4 |  4.3
Fighting       | 5 6 |  6.0
Ice Magic      | 5 |  5.1
Dodging        | 7 |  7.4
Spellcasting   | 3 |  3.0
Charms         | |  2.6

Action                   |  1- 3 |  4- 6 |  7- 9 | 10-12 || total
-------------------------+-------+-------+-------+-------++-------
Melee: Falchion          |   143 |    41 |       |       ||   184
       Tailslap          |    15 |    12 |    83 |     1 ||   111
       Rapier            |       |    76 |   591 |    19 ||   686
 Cast: Spectral Weapon   |       |     4 |    20 |     1 ||    25
       Infusion          |       |     1 |       |       ||     1
       Ozocubu's Armour  |       |       |     7 |     1 ||     8
       Regeneration      |       |       |     1 |     1 ||     2
Invok: Lunge             |       |       |    15 |       ||    15
       Whirlwind         |       |       |    68 |     7 ||    75
Evoke: Sack of spiders   |       |       |     1 |       ||     1
  Use: Scroll            |       |       |     4 |     2 ||     6
       Potion            |       |       |     3 |       ||     3
 Stab: Sleeping          |     3 |     1 |       |       ||     4
       Distracted        |     1 |       |     2 |       ||     3
  Eat: Chunk             |     1 |     6 |    11 |       ||    18
       Ration            |       |       |     5 |       ||     5
Armor: Skin              |    43 |    34 |   227 |     3 ||   307
Dodge: Dodged            |   105 |    70 |   360 |    12 ||   547
       Rpst.: Falchion   |    36 |     8 |       |       ||    44

Table legend:
 A = Non-vault XP
 B = Vault XP
 C = Vault XP percentage of total XP
 D = Non-vault monster count
 E = Vault monster count
 F = Vault count percentage of total count
                 A         B        C        D         E       F
            +---------+---------+-------+---------+---------+-------
      Total |    4123 |    1521 |  26.9 |     122 |      17 |  12.2
            +---------+---------+-------+---------+---------+-------
        D:1 |      47 |       0 |   0.0 |      24 |       0 |   0.0
        D:2 |      62 |       0 |   0.0 |      26 |       0 |   0.0
        D:3 |      45 |     308 |  87.3 |       8 |       2 |  20.0
        D:4 |     144 |       0 |   0.0 |       4 |       0 |   0.0
        D:5 |     215 |       0 |   0.0 |       4 |       0 |   0.0
        D:6 |     498 |       0 |   0.0 |      13 |       0 |   0.0
        D:7 |       3 |       0 |   0.0 |       1 |       0 |   0.0
        D:8 |     355 |      97 |  21.5 |       9 |       1 |  10.0
        D:9 |    1131 |     691 |  37.9 |      15 |       3 |  16.7
       D:11 |     748 |     242 |  24.4 |      11 |      10 |  47.6
       D:12 |     875 |     183 |  17.3 |       7 |       1 |  12.5
            +---------+---------+-------+---------+---------+-------
